 Dungeon Crawl Stone Soup version 0.14-a0-3367-g7c2a7eb (webtiles) character file.

1100 MrRokkomies the Insei (level 7, -1/45 (48) HPs)
             Began as a Demonspawn Transmuter on Mar 19, 2014.
             Slain by a dwarf (8 damage)
             ... on Level 5 of the Dungeon.
             The game lasted 00:18:20 (4056 turns).

MrRokkomies the Insei (Demonspawn Transmuter)       Turns: 4056, Time: 00:18:20

HP  -1/45 (48)   AC  2     Str 10      XL: 7   Next: 67%
MP   0/12        EV 23     Int 21      God:
Gold 261         SH  0     Dex 19      Spells:  2 memorised,  6 levels left

rFire  . . .     SeeInvis .       - Unarmed
rCold  . . .     Clarity  .     t - melded +2 robe {MR+}
rNeg   . . .     Conserve .     (shield currently unavailable)
rPois  x         rCorr    .     (helmet currently unavailable)
rElec  .         rRot     .     x - melded +0 cloak
SustAb . .       Spirit   +     (gloves currently unavailable)
rMut   .         Warding  .     (boots currently unavailable)
Saprov . . .     Stasis   .     h - amulet of rage
MR     .....                    (no ring)
                                s - +5 ring of intelligence

@: spider-form, very slightly contaminated, hasted, very quick, not resistant to
hostile enchantments, unstealthy
A: (talons 0), (thin metallic scales 0), (spiny 0), magic shield
a: End Transformation, Evoke Berserk Rage


You were on level 5 of the Dungeon.
You were hungry.
You were in spider-form.
You visited 1 branch of the dungeon, and saw 5 of its levels.

You collected 261 gold pieces.

Inventory:

Hand weapons
 l - a +0,+0 sling
 n - a +4,+2 quarterstaff of chaos
 q - a +1 blowgun
 B - a +5,+2 flail of protection
Missiles
 b - 27 arrows
 c - 59 sling bullets
 g - 53 poisoned needles
Armour
 t - a +2 robe of magic resistance (melded)
 x - a +0 cloak (melded)
 y - a +0 leather armour of poison resistance
 F - a +0 helmet
Magical devices
 K - a wand of polymorph (16)
Comestibles
 a - 3 bread rations
 r - 3 meat rations
 G - a chunk of rat flesh
Scrolls
 f - 2 scrolls of enchant weapon I
 i - 5 scrolls of teleportation
 k - 8 scrolls of remove curse
 v - a scroll of fog
 A - a scroll of immolation
 C - 2 scrolls of identify
 E - 2 scrolls of amnesia
 H - a scroll of blinking
 J - a scroll of fear {unknown}
Jewellery
 h - an amulet of rage (around neck)
 s - a +5 ring of intelligence (left front leg)
Potions
 e - a potion of haste
 j - a potion of confusion {unknown}
 m - 2 potions of resistance
 o - a potion of restore abilities {unknown}
 p - a potion of might {unknown}
 u - a potion of poison {unknown}
 w - a potion of curing
 z - 2 potions of agility
 D - a potion of berserk rage {unknown}
 I - a potion of invisibility {unknown}
Books
 d - a book of Changes

   Spells                             Type                      Level
   *Beastly Appendage                 Transmutation                1
   Sticks to Snakes                   Transmutation                2
   *Spider Form                       Transmutation/Poison         3
   Ice Form                           Ice/Transmutation            4
   Blade Hands                        Transmutation                5


   Skills:
 - Level 1.0 Fighting
 * Level 4.6 Dodging
 + Level 6.0 Unarmed Combat
 - Level 2.0 Spellcasting
 - Level 4.1 Transmutations


You had 6 spell levels left.
You knew the following spells:

 Your Spells              Type           Power        Failure   Level  Hunger
a - Beastly Appendage     Trmt           ###...       10%         1    #......
b - Spider Form           Trmt/Pois      ##........   41%         3    ###....


Dungeon Overview and Level Annotations

Branches:
Dungeon (5/15)
 Temple: D:4-7

Altars:
Nemelex Xobeh
Trog
The Shining One

Shops:
D:4 (


Innate Abilities, Weirdness & Mutations

((You have sharp toenails.))*
((You are partially covered in thin metallic scales (AC +2).))*
((You are partially covered in sharp spines.))*
When hurt, damage is shared between your health and your magic reserves.


Message History

Casting: Beastly Appendage
Confirm with . or Enter, or press ? or * to list all spells.
You turn into a venomous arachnid creature.
Your +0 cloak melds into your body.
Your +2 robe of magic resistance melds into your body.
You feel less resistant to hostile enchantments.
The dwarf shoots an arrow of frost.
The arrow of frost hits you!
* * * LOW HITPOINT WARNING * * *
There is a sparkling altar of Nemelex Xobeh here.
You see here a plain deck of cards.
You hit the dwarf.
The dwarf is poisoned.
The dwarf is lightly wounded.
The dwarf unwields an uncursed bow of frost.
The dwarf misses you.
You hit the dwarf.
The dwarf looks even sicker.
The dwarf is lightly wounded.
You hit the dwarf but do no damage.
The dwarf is lightly wounded.
The dwarf hits you!
You die...

... .... .# ..... ...#
♣..... .....# ..P...
.......## ...P...
........## ...♣....
.........##
♣≈≈..P..........q..##
≈≈≈≈......).....s...##
♣≈≈≈♣...........(....##
≈≈≈♣≈P..........(.....##
≈♣≈≈≈P.......%.........#
.≈≈≈♣..................#
.P≈≈P.......$..........#
P....#..........(......#
.....#.................#
...........(...........#


You could see a dwarf.

Vanquished Creatures
  A necrophage (D:5)
  Edmund (D:4)
  An ogre (D:4)
  Sigmund (D:2)
  2 orc priests
  Crazy Yiuf (D:2)
  A giant frog skeleton (D:4)
  A hound (D:4)
  2 worker ants
  An iguana (D:4)
  Ijyb (D:2)
  Jessica (D:2)
  7 adders
  A giant mite (D:3)
  4 worms (D:4)
  An adder zombie (D:5)
  A giant eyeball (D:4)
  3 giant geckos
  2 oozes
  12 orcs
  2 ball pythons
  10 bats
  5 giant cockroaches
  A gnoll zombie (D:5)
  9 goblins
  9 hobgoblins
  3 quokkas (D:4)
  3 giant newts
  12 kobolds
  A quokka skeleton (D:5)
  12 rats
  A rat zombie (D:5)
113 creatures vanquished.

Notes
Turn   | Place    | Note
--------------------------------------------------------------
     0 | D:1      | MrRokkomies, the Demonspawn Transmuter, began the quest for the Orb.
     0 | D:1      | Reached XP level 1. HP: 15/15 MP: 3/3
   334 | D:1      | Gained mutation: You are partially covered in thin metallic scales (AC +2). [demonic ancestry]
   334 | D:1      | Reached XP level 2. HP: 16/21 MP: 2/4
   388 | D:1      | Reached skill level 3 in Unarmed Combat
  1052 | D:2      | Reached XP level 3. HP: 23/26 MP: 4/6
  1221 | D:2      | Learned a level 3 spell: Spider Form
  1276 | D:2      | Noticed Sigmund
  1289 | D:2      | Killed Sigmund
  1289 | D:2      | Reached skill level 4 in Unarmed Combat
  1289 | D:2      | Gained mutation: You are partially covered in sharp spines. [demonic ancestry]
  1289 | D:2      | Reached XP level 4. HP: 17/32 MP: 4/7
  1541 | D:2      | Noticed Jessica
  1551 | D:2      | Killed Jessica
  1551 | D:2      | Gained mutation: When hurt, damage is shared between your health and your magic reserves. [demonic ancestry]
  1551 | D:2      | Reached XP level 5. HP: 33/37 MP: 7/9
  1580 | D:2      | Noticed Crazy Yiuf
  1588 | D:2      | Killed Crazy Yiuf
  1780 | D:2      | Noticed Ijyb
  1792 | D:2      | Killed Ijyb
  2039 | D:3      | Found a glowing golden altar of the Shining One.
  2604 | D:4      | Reached XP level 6. HP: 36/43 MP: 8/10
  2792 | D:4      | Reached skill level 5 in Unarmed Combat
  2851 | D:4      | Noticed Edmund
  2871 | D:4      | Killed Edmund
  3099 | D:4      | Found Quviemni's Weapon Shop.
  3238 | D:4      | Reached XP level 7. HP: 42/48 MP: 9/12
  3403 | D:4      | Noticed an ogre
  3410 | D:4      | Killed an ogre
  3640 | D:5      | Entered Level 5 of the Dungeon
  3798 | D:5      | Found a bloodstained altar of Trog.
  3880 | D:5      | Reached skill level 6 in Unarmed Combat
  4040 | D:5      | Found a sparkling altar of Nemelex Xobeh.
  4056 | D:5      | Slain by a dwarf

Action                   |  1- 3 |  4- 6 |  7- 9 || total
-------------------------+-------+-------+-------++-------
Melee: Unarmed           |   104 |   170 |    72 ||   346
       Mace              |     1 |       |       ||     1
 Cast: Beastly Appendage |     7 |    12 |     4 ||    23
       Spider Form       |     1 |     4 |     3 ||     8
 Abil: End Transformatio |       |     2 |     1 ||     3
Evoke: Wand              |       |       |     2 ||     2
  Use: Scroll            |     5 |     5 |     3 ||    13
       Potion            |       |       |     3 ||     3
 Stab: Sleeping          |     1 |     1 |       ||     2
